 Dungeon Crawl Stone Soup version 0.31-a0-233-g139696dc86 (webtiles) character file.

Game seed: 8574053558662053641

254 vineage the Trooper (level 6, -4/44 HPs)
             Began as a Gargoyle Fighter on July 9, 2023.
             Slain by a gnoll
             ... wielding a +1 spectral quarterstaff
              (7 damage)
             ... on level 3 of the Dungeon.
             The game lasted 00:03:01 (2691 turns).

vineage the Trooper (Gargoyle Fighter)              Turns: 2691, Time: 00:03:01

Health: -4/44      AC: 11    Str: 25    XL:     6   Next: 14%
Magic:  6/6        EV:  9    Int:  9    God:
Gold:   218        SH:  4    Dex: 11    Spells: 5/5 levels left

rFire   . . .        g - +2 short sword (freeze)
rCold   . . .        c - +0 buckler
rNeg    + + .        b - +0 scale mail
rPois   ∞            (no helmet)
rElec   +            (no cloak)
rCorr   .            (no gloves)
SInv    .            (no boots)
Will    .....        (no amulet) Stlth
                     j - +6 ring of strength
HPRegen 0.27/turn    i - ring of positive energy
MPRegen 0.10/turn

%: no passive effects
@: hasted, very quick
A: sickness immunity, AC +4, negative energy resistance 1, electricity
resistance, torment resistance 1, petrification resistance
a: no special abilities


You were on level 3 of the Dungeon.
You visited 1 branch of the dungeon, and saw 4 of its levels.

You collected 218 gold pieces.

Inventory:

Hand Weapons
 a - a +0 flail
 g - a +2 short sword of freezing (weapon)
Armour
 b - a +0 scale mail (worn)
 c - a +0 buckler (worn)
Jewellery
 i - a ring of positive energy (right hand)
 j - a +6 ring of strength (left hand)
 s - a ring of positive energy
Wands
 k - a wand of mindburst (7)
 m - a wand of polymorph (9)
 p - a wand of flame (44)
 r - a wand of paralysis (8)
Scrolls
 d - a scroll of summoning {unknown}
 e - 2 scrolls of teleportation
 f - a scroll of poison
 l - a scroll of noise
 q - a scroll of revelation {unknown}
 t - a scroll of amnesia {unknown}
 v - a scroll of fear {unknown}
Potions
 h - 2 potions of curing {unknown}
 n - a potion of haste
 o - a potion of brilliance {unknown}
 u - a potion of heal wounds {unknown}


   Skills:
 + Level 7.3 Fighting
 - Level 2.0 Maces & Flails
 - Level 3.2 Armour
 - Level 3.2 Shields


You had 5 spell levels left.
You didn't know any spells.
Your spell library contained the following spells:

 Spells                   Type           Power      Damage    Failure   Level
 Blink                    Tloc           0%         N/A       86%         2
 Lesser Beckoning         Tloc           0%         N/A       86%         2
 Momentum Strike          Conj/Tloc      0%         3d8       86%         2
 Frozen Ramparts          Ice            0%         1d1       98%         3
 Ice Form                 Ice/Tmut       0%         N/A       100%        4
 Manifold Assault         Tloc           0%         N/A       100%        4
 Summon Ice Beast         Ice/Summ       0%         N/A       100%        4
 Storm Form               Tmut/Air       0%         N/A       100%        7


Dungeon Overview and Level Annotations

Branches:
Dungeon (4/15)
 Temple: D:4-7

Altars:
Gozag
Uskayaw

Shops:
D:1 [   D:4 *


Innate Abilities, Weirdness & Mutations

You are immune to sickness and miasma.
Your stone body is resilient. (AC +4)
You are immune to poison.
You resist negative energy. (rN+)
You are resistant to electric shocks. (rElec)
You are resistant to unholy torment.
You are immune to petrification.


Message History

Found 8 gold pieces.
The gnoll shouts!
There are monsters nearby!
You hit the gnoll. You freeze the gnoll.
The gnoll is moderately wounded.
The gnoll hits you but does no damage.
The gnoll hits you from afar with a +0 halberd!
You closely miss the gnoll.
The gnoll is moderately wounded.
The gnoll hits you with a +1 spectral quarterstaff.
The gnoll hits you from afar with a +0 halberd!
You are too injured to fight recklessly!
You are too injured to fight recklessly!
You are too injured to fight recklessly!
You are too injured to fight recklessly!
You are too injured to fight recklessly!
You are too injured to fight recklessly!
The gnoll hits you but does no damage.
The +1 spectral quarterstaff hits you but does no damage.
The gnoll hits you but does no damage. You block the gnoll's attack.
A +1 spectral quarterstaff comes into view.
The gnoll hits you but does no damage.
The +1 spectral quarterstaff moves out of view.
The +1 spectral quarterstaff disappears.
The gnoll hits you but does no damage. The gnoll misses you.
The gnoll attacks as you move away! The gnoll hits you but does no damage.
The gnoll barely misses you. The gnoll hits you but does no damage.
There is a stone staircase leading up here.
The gnoll closely misses you. The +1 spectral quarterstaff hits you!
The gnoll closely misses you. The gnoll hits you with a +0 club.
* * * LOW HITPOINT WARNING * * *
You climb upwards.
The +1 spectral quarterstaff disappears.
There is a stone staircase leading down here.
The gnoll hits you from afar with a +0 halberd!
* * * LOW HITPOINT WARNING * * *
It was a potion of haste.
You feel yourself speed up. The gnoll barely misses you.
The gnoll hits you with a +1 spectral quarterstaff!
You die...

####...#.##.## ###......
#####......#.##.# #......
......###....##.# ###......
....### ##...##.#
##.....###
###...####.≈....# ##..#..##
# ###......≈..###
####..##..# ###....≈..#
###....###..#
#.##.≈..####...#### #..# #
#.##....#<@g.### ##..# ##
#.##(....[g>## #...# .##
#.##._....#.g# #..## 8.##
#.##...#####.#######..#####
...####.##...#
#....#..........
...+....(..≈.#
####.......#....
...#.......≈.#
##......#....
8.##.....÷.≈.# #......##...
.##........≈.# ##..........


You could see 3 gnolls.

Vanquished Creatures
  A hound (D:4)
  Jessica (D:2)
  An orc wizard (D:4)
  5 adders
  3 gnolls (D:4)
  2 worms (D:2)
  4 dart slugs
  7 orcs (D:4)
  7 ball pythons
  6 bats
  8 endoplasms
  2 giant cockroaches
  6 goblins
  6 hobgoblins
  2 jackals (D:3)
  3 quokkas
  3 frilled lizards
  7 kobolds
  7 rats
81 creatures vanquished.

Notes
Turn   | Place    | Note
-------+----------+-------------------------------------------
     0 | D:1      | vineage the Gargoyle Fighter began the quest for the Orb.
     0 | D:1      | Reached XP level 1. HP: 14/14 MP: 1/1
   104 | D:1      | Reached XP level 2. HP: 12/20 MP: 2/2
   108 | D:1      | Reached skill level 4 in Fighting
   365 | D:1      | Reached XP level 3. HP: 23/24 MP: 3/3
   740 | D:1      | Found Gaedank's Antique Armour Emporium.
   839 | D:2      | Reached skill level 5 in Fighting
   939 | D:2      | Reached XP level 4. HP: 31/31 MP: 4/4
  1156 | D:2      | Found a faded altar of an unknown god.
  1416 | D:2      | Noticed Jessica
  1421 | D:2      | Killed Jessica
  1490 | D:2      | Reached skill level 6 in Fighting
  1490 | D:2      | Reached XP level 5. HP: 36/36 MP: 5/5
  1690 | D:3      | Found an opulent altar of Gozag.
  2074 | D:4      | Found Liaqemoh's Gadget Gallery.
  2281 | D:4      | Reached skill level 7 in Fighting
  2396 | D:4      | Reached XP level 6. HP: 44/44 MP: 6/6
  2411 | D:4      | Found a hide-covered altar of Uskayaw.
  2690 | D:3      | HP: 2/44 [gnoll/+0 halberd (10)]
  2691 | D:3      | Slain by a gnoll

Illustrated notes

Levels and vault maps discovered:
D:1:      dpeg_arrival_castle, layout_basic, serial_shops,
          nicolae_shop_peninsula
D:2:      layout_loops_ring, shapermc_ecumenical_altar_acropolis, uniq_jessica
D:3:      layout_rooms, mainiacjoe_overflow_boulevard, dk_noncrumbling_3
D:4:      layout_basic, mainiacjoe_overflow_chevrons, nicolae_shop_gadgets,
          uniq_duvessa

Skill      XL: |  1  2  3  4  5 |
---------------+----------------+-----
Fighting       | 4 5 6 7 |  7.3
Maces & Flails | |  2.0
Armour         | |  3.2
Shields        | |  3.2

Action                     |  1- 3 |  4- 6 || total
---------------------------+-------+-------++-------
  Melee: Flail             |    43 |       ||    43
         Short sword       |    66 |   141 ||   207
         Unarmed           |       |     1 ||     1
    Use: Scroll            |       |     7 ||     7
         Potion            |       |     2 ||     2
 Armour: Scale mail        |    66 |    61 ||   127
  Dodge: Dodged            |    61 |    53 ||   114
  Block: Buckler           |    32 |    20 ||    52

Table legend: (Time is in decaauts)
 A = Elapsed time spent in this place.
 B = Non-inter-level travel time spent in this place.
 C = Inter-level travel time spent in this place.
 D = Time resting spent in this place.
 E = Time spent auto-exploring this place.
 F = Levels seen in this place.
 G = Mean time per level.
                   A        B        C        D        E       F      G
               +--------+--------+--------+--------+--------+-----+--------+
         Total |   2716 |   2608 |    108 |     44 |   2011 |   4 |  679.0 |
       Dungeon |   2716 |   2608 |    108 |     44 |   2011 |   4 |  679.0 |
               +--------+--------+--------+--------+--------+-----+--------+

Top non-repeatable levels by time:
     D:1: 810 daAuts
     D:2: 767 daAuts
     D:4: 704 daAuts
     D:3: 434 daAuts
